 Dungeon Crawl Stone Soup version 0.19-a0-835-gf140595 (webtiles) character file.

1343 Implojin the Carver (level 8, -2/66 HPs)
             Began as a Minotaur Fighter on June 30, 2016.
             Was a Believer of Okawaru.
             Slain by an orc warrior
             ... wielding a +0 trident
              (16 damage)
             ... on level 8 of the Dungeon.
             The game lasted 00:09:07 (1825 turns).

Implojin the Carver (Minotaur Fighter)              Turns: 1825, Time: 00:09:08

Health: -2/66      AC:  7    Str: 20    XL:     8   Next: 35%
Magic:  6/7        EV:  8    Int:  5    God:    Okawaru [**....]
Gold:   75         SH:  9    Dex: 13    Spells: 0 memorised, 7 levels left

rFire  + . .     SeeInvis .     n - +3 scimitar (freeze)
rCold  . . .     Gourm    .     d - +1 ring mail {rF+}
rNeg   . . .     Faith    .     c - +0 shield
rPois  .         Spirit   .     (helmet restricted)
rElec  .         Dismiss  .     (no cloak)
rCorr  .         Reflect  .     (no gloves)
SustAt .         Harm     .     i - +0 pair of boots
MR     .....                    (no amulet)
Stlth  +.........               (no ring)
                                (no ring)

@: drained, not resistant to hostile enchantments, very unstealthy
A: retaliatory headbutt, horns 2
a: Heroism, Renounce Religion


You were on level 8 of the Dungeon.
You worshipped Okawaru.
Okawaru was pleased with you.
You were not hungry.

You visited 2 branches of the dungeon, and saw 10 of its levels.

You collected 75 gold pieces.

Inventory:

Hand Weapons
 a - a +0 long sword
 m - a +0 great sword
 n - a +3 scimitar of freezing (weapon)
Missiles
 l - 7 curare-tipped needles
Armour
 b - a +0 scale mail
 c - a +0 shield (worn)
 d - a +1 ring mail of fire resistance (worn)
 g - a +0 ring mail
 i - a +0 pair of boots (worn)
Scrolls
 e - 2 scrolls of amnesia
Comestibles
 f - a bread ration
 h - a royal jelly
 j - 5 chunks of flesh
 k - 3 meat rations


   Skills:
 * Level 4.1(3.9) Fighting
 - Level 12.0(11.7) Long Blades
 - Level 3.6(3.4) Armour
 - Level 3.6(3.4) Shields


You had 7 spell levels left.
You didn't know any spells.

Dungeon Overview and Level Annotations

Branches:
Dungeon (9/15)             Temple (1/1) D:4             Orc (0/2) D:9
   Lair: D:8-11

Altars:
Ashenzari
Dithmenos
Fedhas
Gozag
Hepliaklqana
Kikubaaqudgha
Makhleb
Nemelex Xobeh
Okawaru
Qazlal
Uskayaw
Yredelemnul
Zin
Beogh

Shops:
D:8 [*


Innate Abilities, Weirdness & Mutations

You reflexively headbutt those who attack you in melee.
You have a pair of horns on your head.


Message History

There is a stone staircase leading up here.
You gain the combat prowess of a mighty hero.
The orc warrior barely misses you. You block the orc warrior's attack.
You slash the orc warrior! You freeze the orc warrior.
The orc warrior is heavily wounded.
The orc warrior hits you but does no damage.
You completely miss the orc warrior. Your headbutt misses the orc warrior.
The orc warrior is heavily wounded.
You closely miss the orc warrior.
The orc warrior is heavily wounded.
You block the orc warrior's attack.
You hit the orc warrior but do no damage.
You headbutt the orc warrior.
The orc warrior is severely wounded.
You block the orc warrior's attack.
You hit the orc warrior. You freeze the orc warrior.
The orc warrior is severely wounded.
The orc priest calls down the wrath of Beogh upon you.
Beogh smites you!
* * * LOW HITPOINT WARNING * * *
Unknown command.
You completely miss the orc warrior.
The orc warrior is severely wounded.
You block the orc warrior's attack.
There is a stone staircase leading up here.
Unknown command.
The orc warrior closely misses you. You furiously retaliate!
You headbutt the orc warrior.
The orc priest calls upon Beogh to heal the orc warrior.
The orc warrior is healed somewhat.
You climb upwards.
There is a stone staircase leading down here.
Unknown command.
Unknown command.
You barely miss the orc warrior.
The orc warrior is severely wounded.
You feel like a meek peon again.
The orc warrior hits you with a trident!
You die...

#.. #..###..#####
###..##..###..#
#.............#
#.#.#.........#
#.#.#.........#####
#.#................
#.#..........######
#.#..........#
##o@..........#
#.......)......
#.....#####... .
#........##... ♣;
#..........).. P
#.........#...
#....†(.......
#.........##..
#.............


You could see an orc warrior.

Vanquished Creatures
  Menkaure (D:5)
  Edmund (D:5)
  2 ogres
  A centaur (D:8)
  A scorpion (D:8)
  8 wights (D:9)
  A howler monkey (D:4)
  A crimson imp (D:8)
  3 hounds (D:8)
  A giant frog skeleton (D:8)
  A jelly (D:8)
  An orc wizard (D:8)
  4 orc priests
  An iguana (D:4)
  2 adders
  An ooze (D:2)
  A giant gecko (D:5)
  12 orcs
  A giant cockroach (D:4)
  3 goblins
  3 hobgoblins (D:1)
  8 jackals
  A quokka (D:4)
  A giant newt (D:1)
  2 kobolds (D:1)
  12 rats (D:1)
74 creatures vanquished.

Notes
Turn   | Place    | Note
--------------------------------------------------------------
     0 | D:1      | Implojin the Minotaur Fighter began the quest for the Orb.
     0 | D:1      | Reached XP level 1. HP: 19/19 MP: 0/0
    13 | D:1      | Reached skill level 3 in Long Blades
    26 | D:1      | Reached XP level 2. HP: 25/26 MP: 1/1
   110 | D:1      | Reached skill level 4 in Long Blades
   164 | D:3      | Reached XP level 3. HP: 26/31 MP: 2/2
   241 | D:3      | Found a burning altar of Makhleb.
   241 | D:3      | Noticed a blizzard demon
   261 | D:4      | HP: 1/31 [orc priest/club (3)]
   263 | D:4      | Reached skill level 5 in Long Blades
   263 | D:4      | Reached XP level 4. HP: 1/39 MP: 3/3
   304 | D:4      | Noticed an ogre
   318 | D:4      | Found a staircase to the Ecumenical Temple.
   327 | Temple   | Entered the Ecumenical Temple
   558 | Temple   | Became a worshipper of Warmaster Okawaru
   607 | D:4      | Killed an ogre
   607 | D:4      | Reached skill level 6 in Long Blades
   607 | D:4      | Reached XP level 5. HP: 5/45 MP: 4/4
   900 | D:5      | Entered Level 5 of the Dungeon
   904 | D:5      | Noticed Edmund
   904 | D:5      | Noticed an ogre
   915 | D:4      | Reached skill level 7 in Long Blades
   945 | D:4      | Reached * piety under Okawaru
   945 | D:4      | Reached XP level 6. HP: 23/51 MP: 5/5
   971 | D:5      | Noticed Menkaure
  1173 | D:5      | Killed Menkaure
  1173 | D:5      | Reached skill level 8 in Long Blades
  1180 | D:5      | Reached skill level 9 in Long Blades
  1216 | D:5      | Found a hazy altar of Hepliaklqana.
  1228 | D:5      | Killed Edmund
  1228 | D:5      | Reached XP level 7. HP: 11/57 MP: 3/6
  1519 | D:8      | Found Jizin's Assorted Antiques.
  1555 | D:8      | Found a shadowy altar of Dithmenos.
  1565 | D:8      | Reached skill level 10 in Long Blades
  1647 | D:8      | Found Caicloyb's Antique Armour Shoppe.
  1686 | D:8      | Reached ** piety under Okawaru
  1686 | D:8      | Reached skill level 11 in Long Blades
  1708 | D:8      | Reached XP level 8. HP: 30/64 MP: 7/7
  1753 | D:9      | Reached skill level 12 in Long Blades
  1757 | D:9      | Reached skill level 4 in Fighting
  1791 | D:9      | Found a roughly hewn altar of Beogh.
  1791 | D:9      | Found a staircase to the Orcish Mines.
  1825 | D:8      | Slain by an orc warrior

Vault maps used:
D:1:      erik_arrival_orb_chamber, minmay_misc_feat_tower
D:2:      uniq_robin
D:3:      lemuel_doored_altar, makhleb_altar_promises_db
D:4:      lemuel_crystal_altar, elyvilon_altar_3
D:5:      overflow_temple_1_default, led_sif_book,
          nicolae_overflow_hidden_temple, first_bread, basic_altar,
          uniq_menkaure, uniq_edmund, uniq_duvessa
D:6:      nicolae_overflow_crystal_walls, nicolae_ru_awakened_eye
D:7:      cheibriados_altar_1, the_bakery
D:8:      kennysheep_mini, old_standard_altar, serial_bayou,
          serial_bayou_ford_a, serial_bayou_shore_a, serial_bayou_pond_e,
          serial_bayou_lake_a, serial_shops, shop, shop,
          nicolae_shop_waterfront, nicolae_shop_trees, nicolae_shop_waterfront,
          special_room
D:9:      erik_lair_dragon, david_orc_5, enter_bailey_2, serial_glass,
          glass_columns_a, glass_columns_a, nemelex_dance_club_becter, uniq_grum
Temple:   eino_wide_crystal_templ

Skill      XL: |  1  2  3  4  5  6  7  8 |
---------------+-------------------------+-----
Long Blades    | 3 4 5 6 7 9 11 12 | 12.0
Fighting       | 4 |  4.1
Armour         | |  3.6
Shields        | |  3.6

Action                   |  1- 3 |  4- 6 |  7- 9 || total
-------------------------+-------+-------+-------++-------
Melee: Long sword        |    81 |    77 |    89 ||   247
       Headbutt          |     8 |    23 |    27 ||    58
       Scimitar          |       |       |    13 ||    13
Invok: Heroism           |       |     2 |    10 ||    12
  Use: Potion            |     1 |     2 |       ||     3
       Scroll            |       |     1 |     1 ||     2
  Eat: Chunk             |       |     1 |     1 ||     2
       Beef jerky        |       |       |     1 ||     1
Armor: Scale mail        |    33 |       |       ||    33
       Ring mail         |     6 |     9 |    21 ||    36
Dodge: Dodged            |    25 |    12 |    28 ||    65
Block: Shield            |    37 |    26 |    26 ||    89

Table legend:
 A = Turns spent in this place as a percentage of turns spent in the entire game.
 B = Non-inter-level travel turns spent in this place as a percentage of non-inter-level travel turns spent in the entire game.
 C = Inter-level travel turns spent in this place as a percentage of turns spent in this place.
 D = Turns resting spent in this place as a percentage of non-inter-level travel turns spent in this place.
 E = Turns spent auto-exploring this place as a percentage of non-inter-level travel turns spent in this place.
 F = Non-inter-level travel turns spent in this place divided by the number of levels of this place that you've seen.
                   A       B       C       D       E      F
               +-------+-------+-------+-------+-------+----------------------
         Total | 100.0 | 100.0 |   0.0 |   1.0 |   0.0 |  98.4
       Dungeon |  94.4 |  94.4 |   0.0 |   0.9 |   0.0 | 103.2
        Temple |   5.6 |   5.6 |   0.0 |   3.6 |   0.0 |  55.0
               +-------+-------+-------+-------+-------+----------------------

Table legend:
 A = Kills in this place as a percentage of kills in entire the game.
 B = Kills by you in this place as a percentage of kills by you in the entire game.
 C = Kills by friends in this place as a percentage of kills by friends in the entire game.
 D = Other kills in this place as a percentage of other kills in the entire game.
 E = Experience gained in this place as a percentage of experience gained in the entire game.
 F = Experience gained in this place divided by the number of levels of this place that you have seen.
                   A       B       C       D       E      F
               +-------+-------+-------+-------+-------+----------------------
         Total | 100.0 | 100.0 |  -nan |  -nan | 100.0 | 191.9
       Dungeon | 100.0 | 100.0 |  -nan |  -nan | 100.0 | 213.2
               +-------+-------+-------+-------+-------+----------------------
